 Dungeon Crawl Stone Soup version 0.29-a0-1065-g47a6bb87d6 (webtiles) character file.

Game seed: 9432934206341914537

3208 nickcage the Destroyer (level 9, -5/45 HPs)
             Began as a Deep Elf Conjurer on Aug 18, 2022.
             Was an Initiate of Vehumet.
             Slain by a cyan ugly thing (13 damage)
             ... on level 7 of the Dungeon.
             The game lasted 00:24:44 (8258 turns).

nickcage the Destroyer (Deep Elf Conjurer)          Turns: 8258, Time: 00:24:44

Health: -5/45      AC:  4    Str:  4    XL:     9   Next: 65%
Magic:  16/24      EV: 12    Int: 28    God:    Vehumet [......]
Gold:   411        SH:  4    Dex: 11    Spells: 15/26 levels left

rFire   . . .      SeeInvis .   i - +2 scimitar (flame)
rCold   . . .      Faith    .   (no shield)
rNeg    . . .      Spirit   .   a - +0 robe
rPois   .          Reflect  .   (helmet restricted)
rElec   .          Harm     .   (no cloak)
rCorr   .          Rampage  .   p - +0 pair of gloves
Will    .....                   D - +0 pair of boots
Stlth   ++........              (no amulet)
HPRegen 0.15/turn               (no ring)
MPRegen 0.19/turn               (no ring)

@: no status effects
A: horns 1, large bone plates 1, clumsy 1
a: Renounce Religion


You were on level 7 of the Dungeon.
You worshipped Vehumet.
Vehumet was noncommittal.
You visited 2 branches of the dungeon, and saw 8 of its levels.

You collected 460 gold pieces.
You spent 49 gold pieces at shops.

Inventory:

Hand Weapons
 e - a +0 war axe
 i - a +2 scimitar of flaming (weapon)
 k - a +0 falchion
 u - a +0 dagger of speed
 y - a +0 great sword
Missiles
 E - a throwing net
Armour
 a - a +0 robe (worn)
 p - a +0 pair of gloves (worn)
 D - a +0 pair of boots (worn)
 F - +2 swamp dragon scales
Jewellery
 c - a ring of magical power
 w - an amulet of regeneration
Wands
 z - a wand of flame (14)
 A - a wand of digging (3)
Scrolls
 d - 2 scrolls of brand weapon {unknown}
 f - 8 scrolls of identify {unknown}
 g - 3 scrolls of enchant armour {unknown}
 l - a scroll of butterflies {unknown}
 m - a scroll of enchant weapon {unknown}
 o - 2 scrolls of noise {unknown}
 s - a scroll of blinking {unknown}
 v - 2 scrolls of teleportation {unknown}
 B - a scroll of acquirement {unknown}
 C - a scroll of summoning {unknown}
Potions
 b - a potion of magic
 h - a potion of mutation
 j - 2 potions of brilliance
 n - 2 potions of flight {unknown}
 q - 4 potions of attraction {unknown}
 r - a potion of lignification {unknown}
 t - a potion of resistance {unknown}
 x - 3 potions of haste {unknown}


   Skills:
 - Level 2.4 Dodging
 - Level 2.4 Stealth
 + Level 0.5 Shields
 + Level 9.0 Spellcasting
 * Level 12.1 Conjurations
 * Level 6.0 Hexes
 * Level 3.4 Translocations


You had 15 spell levels left.
You knew the following spells:

 Your Spells              Type           Power      Damage    Failure   Level
a - Magic Dart            Conj           100%       1d8       1%          1
b - Searing Ray           Conj           100%       2d8       1%          2
c - Fulminant Prism       Conj/Hex       29%        3d14      1%          4
d - Iskenderun's Mystic   Conj/Tloc      54%        2d12      1%          4

Your spell library contained the following spells:

 Spells                   Type           Power      Damage    Failure   Level
 Dazzling Flash           Conj/Hex       100%       N/A       1%          3
 Gell's Gravitas          Tloc           32%        N/A       3%          3
 Teleport Other           Tloc           32%        N/A       3%          3
 Summon Forest            Summ/Tloc      11%        N/A       52%         5
 Dispersal                Tloc           16%        N/A       86%         6
 Eringya's Noxious Bog    Tmut/Pois      6%         N/A       100%        6
 Summon Hydra             Summ           6%         N/A       100%        7


Dungeon Overview and Level Annotations

Branches:
Dungeon (7/15)             Temple (1/1) D:7

Altars:
Ashenzari
Cheibriados
Dithmenos
Elyvilon
Hepliaklqana
Kikubaaqudgha
Nemelex Xobeh
Okawaru
Qazlal
Ru
Trog
Vehumet
Zin
The Shining One

Shops:
D:3 [   D:4 *   D:6 =   D:7 =

Annotations:
D:5 1 runed translucent door, siradein's ghost, amateur DsWr
D:7 Joseph


Innate Abilities, Weirdness & Mutations

You have a pair of small horns on your head.
You are partially covered in large bone plates. (SH +4)
You are clumsy. (Dex -2)


Message History

You feel sick. The kobold barely misses you.
You slash the kobold! You burn the kobold.
You kill the kobold!
Vehumet accepts your kill.
You feel sick.
You are no longer poisoned.
You start resting.
Magic restored.
You start resting.
HP restored.
Items here: ( )))) [[.
Okay, then.
There is an open door, spattered with blood here.
Items here: )))) [[ ††.
Okay, then.
Items here: ))) ††.
You now have 411 gold pieces (gained 10).
A cyan ugly thing comes into view.
Found a stone staircase leading up.
The cyan ugly thing gurgles horribly!
The searing ray hits the cyan ugly thing!
The cyan ugly thing is moderately wounded. (Press . to maintain the ray.)
The searing ray hits the cyan ugly thing.
The cyan ugly thing is moderately wounded.
The searing ray hits the cyan ugly thing.
The cyan ugly thing is moderately wounded.
The cyan ugly thing punches you! The cyan ugly thing shocks you!
Casting: Searing Ray (safe; 1% risk of failure)
Confirm with . or Enter, or press ? or * to list all spells.
You erupt in a blast of force!
The mystic blast hits the cyan ugly thing!!
The cyan ugly thing is severely wounded.
The cyan ugly thing is knocked back by the mystic blast.
The cyan ugly thing slams into the rock wall!
The cyan ugly thing is severely wounded.
The cyan ugly thing punches you!
* * * LOW HITPOINT WARNING * * *
The cyan ugly thing shocks you!
You die...

.......###...............
....... #..............)
.......##...............
......<#............)...
...u...#..........##)###
#.#............##.#
###.#####........##)#
#....u###........##.#
#..##.##@.##.########.#
#. ##+####.#.# #.#
..........# #.#
##+######## #.# ..
..........# #.# #.#
##+####.#.## #.#
#..##.##..##..## ####.###
#.....#####..# #.......
###.####.###.###.......


You could see a cyan ugly thing.

Vanquished Creatures
  Maggie (D:7)
  An unseen horror (D:7)
  Prince Ribbit (D:7)
  Sigmund (D:5)
  A steam dragon (D:7)
  2 ice beasts
  A sky beast (D:4)
  A black bear (D:5)
  2 ogres
  4 phantoms
  2 kobold brigands (D:7)
  2 bullfrogs
  A scorpion (D:6)
  7 wights (D:7)
  3 killer bees
  2 howler monkeys
  A jelly (D:5)
  3 hounds
  4 iguanas
  An orc wizard (D:4)
  3 gnolls (D:6)
  6 adders
  A shadow imp (D:6)
  2 white imps
  3 worms
  6 dart slugs
  9 orcs
  5 ball pythons
  4 endoplasms
  5 giant cockroaches
  8 goblins
  4 hobgoblins
  3 jackals (D:2)
  5 quokkas
  5 bats
  7 frilled lizards
  17 kobolds
  4 rats
138 creatures vanquished.

Vanquished Creatures (others)
  3 fulminant prisms (D:7)
3 creatures vanquished.

Grand Total: 141 creatures vanquished

Notes
Turn   | Place    | Note
-------+----------+-------------------------------------------
     0 | D:1      | nickcage the Deep Elf Conjurer began the quest for the Orb.
     0 | D:1      | Reached XP level 1. HP: 10/10 MP: 6/6
   322 | D:1      | Reached XP level 2. HP: 15/15 MP: 6/8
   441 | D:1      | Reached skill level 5 in Conjurations
  1152 | D:2      | Learned a level 2 spell: Searing Ray
  1247 | D:2      | Reached XP level 3. HP: 19/19 MP: 0/9
  2158 | D:3      | Found Boos's Armour Boutique.
  2163 | D:3      | Reached skill level 6 in Conjurations
  2200 | D:3      | Bought a +0 pair of gloves for 49 gold pieces
  2299 | D:3      | Reached XP level 4. HP: 24/24 MP: 8/10
  2683 | D:3      | Noticed a great orb of eyes
  2685 | D:3      | Found a faded altar of an unknown god.
  2687 | D:3      | Noticed a great orb of eyes
  2687 | D:3      | Noticed a great orb of eyes
  2687 | D:3      | Noticed an eye of devastation
  2968 | D:3      | Learned a level 4 spell: Fulminant Prism
  3263 | D:4      | Noticed an ogre
  3601 | D:4      | Killed an ogre
  3602 | D:4      | Reached skill level 7 in Conjurations
  3602 | D:4      | Reached skill level 1 in Hexes
  3602 | D:4      | Reached XP level 5. HP: 28/28 MP: 4/12
  3761 | D:4      | Noticed a sky beast
  3770 | D:4      | Killed a sky beast
  3771 | D:4      | Reached XP level 6. HP: 32/32 MP: 3/14
  3883 | D:4      | Found Dema's Gadget Gallery.
  4122 | D:5      | Entered Level 5 of the Dungeon
  4254 | D:5      | Reached skill level 5 in Spellcasting
  4254 | D:5      | Reached skill level 8 in Conjurations
  4344 | D:5      | Noticed an ice beast
  4369 | D:5      | Reached XP level 7. HP: 36/36 MP: 7/17
  4479 | D:5      | Learned a level 4 spell: Iskenderun's Mystic Blast
  4680 | D:5      | Found a runed translucent door.
  4681 | D:5      | Noticed siradein's ghost (amateur DsWr)
  4775 | D:5      | Noticed Sigmund
  4782 | D:5      | Killed Sigmund
  4783 | D:5      | Reached skill level 9 in Conjurations
  5159 | D:5      | Reached XP level 8. HP: 41/41 MP: 15/19
  5398 | D:5      | Gained mutation: You have a pair of small horns on your
                  | head. [potion of mutation]
  5398 | D:5      | Gained mutation: You are partially covered in large bone
                  | plates. (SH +4) [potion of mutation]
  5398 | D:5      | Gained mutation: You are clumsy. (Dex -2) [potion of
                  | mutation]
  5771 | D:6      | Reached skill level 1 in Translocations
  5843 | D:6      | Reached skill level 10 in Conjurations
  6010 | D:6      | Found Jajaj's Jewellery Boutique.
  6761 | D:6      | Found a white marble altar of Elyvilon.
  6761 | D:6      | Found a faded altar of an unknown god.
  6768 | D:6      | Found a glowing silver altar of Zin.
  6770 | D:6      | Found a broken altar of Ashenzari.
  6772 | D:6      | Found a faded altar of an unknown god.
  6859 | D:7      | Killed an unseen horror
  6859 | D:7      | Noticed Joseph
  6860 | D:7      | Reached skill level 11 in Conjurations
  6860 | D:7      | Reached XP level 9. HP: 45/45 MP: 3/23
  6995 | D:7      | Found a staircase to the Ecumenical Temple.
  6995 | D:7      | Found Peuhy's Jewellery Boutique.
  6999 | Temple   | Entered the Ecumenical Temple
  7010 | Temple   | Became a worshipper of Vehumet
  7638 | D:7      | Noticed Maggie
  7655 | D:7      | Killed Maggie
  7656 | D:7      | Reached skill level 5 in Hexes
  7931 | D:7      | Noticed Prince Ribbit
  7935 | D:7      | Killed Prince Ribbit
  8006 | D:7      | Reached skill level 12 in Conjurations
  8226 | D:7      | Noticed a cyan ugly thing
  8258 | D:7      | Slain by a cyan ugly thing

Illustrated notes

Levels and vault maps discovered:
D:1:      dpeg_arrival_round_c, layout_basic, serial_bayou_pond_c
D:2:      layout_basic
D:3:      kennysheep_big_flooded_room, layout_loops_ring, serial_shops, shop,
          hellmonk_ecumenical_altar_watching_god
D:4:      layout_rooms, nicolae_shop_gadgets
D:5:      layout_basic, ebering_ghost_sewer_d, uniq_sigmund
D:6:      layout_loops_ring, chequers_temple_overflow_minitemple, serial_shops,
          shop
D:7:      gammafunk_wand_slinger, layout_basic, lemuel_zombie_altar_yredelemnul,
          minmay_temple_entry_drinking_statues, minmay_shop_enchanted_jewellery,
          hangedman_abyss_or_decor_lesser_grid, minmay_fountain_box,
          interstate_on_off, uniq_prince_ribbit1, uniq_joseph, uniq_maggie
Temple:   cyrus_circular_temple

Skill      XL: |  1  2  3  4  5  6  7  8  9 |
---------------+----------------------------+-----
Conjurations   | 5 6 7 8 9 11 12 | 12.1
Hexes          | 1 2 3 4 6 |  6.0
Spellcasting   | 4 5 6 8 9 |  9.0
Translocations | 2 3 |  3.4
Dodging        | |  2.4
Stealth        | |  2.4
Shields        | |  0.5

Action                   |  1- 3 |  4- 6 |  7- 9 || total
-------------------------+-------+-------+-------++-------
Melee: Scimitar          |       |       |     2 ||     2
       Great sword       |       |       |     1 ||     1
 Cast: Magic Dart        |    85 |    70 |    66 ||   221
       Searing Ray       |       |    11 |    33 ||    44
       Iskenderun's Myst |       |       |    13 ||    13
       Fulminant Prism   |       |       |     3 ||     3
  Use: Potion            |       |       |     4 ||     4
Armor: Robe              |     1 |     1 |     4 ||     6
Dodge: Dodged            |     3 |    11 |    30 ||    44
Block: Other             |       |       |     5 ||     5

Table legend: (Time is in decaauts)
 A = Elapsed time spent in this place.
 B = Non-inter-level travel time spent in this place.
 C = Inter-level travel time spent in this place.
 D = Time resting spent in this place.
 E = Time spent auto-exploring this place.
 F = Levels seen in this place.
 G = Mean time per level.
                   A        B        C        D        E       F      G
               +--------+--------+--------+--------+--------+-----+--------+
         Total |   8262 |   8023 |    239 |   2050 |   5176 |   8 | 1032.8 |
       Dungeon |   8240 |   8012 |    228 |   2050 |   5175 |   7 | 1177.1 |
        Temple |     22 |     11 |     11 |      0 |      1 |   1 |   22.0 |
               +--------+--------+--------+--------+--------+-----+--------+

Top non-repeatable levels by time:
     D:6: 1689 daAuts
     D:5: 1512 daAuts
     D:3: 1305 daAuts
     D:1: 1141 daAuts
     D:2: 1017 daAuts
     D:7: 832 daAuts
     D:4: 741 daAuts
  Temple: 22 daAuts
